 Dungeon Crawl Stone Soup version 0.30.1 (webtiles) character file.

Game seed: 12407311755190304147

606 safid the Chiller (level 7, -1/54 HPs)
             Began as a Merfolk Ice Elementalist on July 10, 2023.
             Shot with an arrow by a centaur (8 damage)
             ... on level 5 of the Dungeon.
             The game lasted 00:07:43 (5140 turns).

safid the Chiller (Merfolk Ice Elementalist)        Turns: 5140, Time: 00:07:45

Health: -1/54      AC:  3    Str:  8    XL:     7   Next: 42%
Magic:  5/13       EV: 13    Int: 16    God:
Gold:   56         SH:  0    Dex: 15    Spells: 5/14 levels left

rFire   . . .        A - +0 spear (venom)
rCold   . . .        (no shield)
rNeg    . . .        a - +0 robe
rPois   .            (no helmet)
rElec   .            (no cloak)
rCorr   .            (no gloves)
SInv    .            g - +0 pair of boots
Will    .....        (no amulet)
Stlth   ++           (no ring)
HPRegen 0.29/turn    (no ring)
MPRegen 0.13/turn

%: no passive effects
@: no status effects
A: (nimble swimmer 2), mertail
a: no special abilities


You were on level 5 of the Dungeon.
You visited 2 branches of the dungeon, and saw 6 of its levels.
You also visited: Sewer.

You collected 186 gold pieces.
You spent 130 gold pieces at shops.

Inventory:

Hand Weapons
 A - a +0 spear of venom (weapon)
Missiles
 z - a throwing net
Armour
 a - a +0 robe (worn)
 g - a +0 pair of boots (worn)
Jewellery
 d - a ring of fire
Wands
 o - a wand of flame (22)
 y - a wand of polymorph (7)
Scrolls
 f - a scroll of enchant armour {unknown}
 h - a scroll of poison {unknown}
 i - 10 scrolls of identify
 j - 3 scrolls of amnesia {unknown}
 k - a scroll of magic mapping {unknown}
 l - a scroll of vulnerability {unknown}
 m - 4 scrolls of teleportation
 q - 2 scrolls of enchant weapon {unknown}
 s - a scroll of noise {unknown}
 t - 2 scrolls of immolation {unknown}
 v - a scroll of blinking {unknown}
 x - a scroll of fog {unknown}
Potions
 b - 2 potions of magic
 e - a potion of cancellation {unknown}
 n - 3 potions of heal wounds {unknown}
 p - 2 potions of invisibility {unknown}
 r - a potion of berserk rage {unknown}
 u - a potion of curing {unknown}
 w - a potion of ambrosia {unknown}


   Skills:
 + Level 4.2 Fighting
 + Level 3.7 Dodging
 - Level 2.1 Stealth
 + Level 4.2 Spellcasting
 + Level 1.2 Translocations
 + Level 6.4 Ice Magic


You had 5 spell levels left.
You knew the following spells:

 Your Spells              Type           Power      Damage    Failure   Level
a - Freeze                Ice            92%        1d9       1%          1
b - Frozen Ramparts       Ice            46%        1d7       3%          3
c - Ozocubu's Armour      Ice            23%        N/A       3%          3
d - Blink                 Tloc           14%        N/A       14%         2

Your spell library contained the following spells:

 Spells                   Type           Power      Damage    Failure   Level
 Lesser Beckoning         Tloc           14%        N/A       14%         2
 Momentum Strike          Conj/Tloc      10%        3d8       19%         2
 Portal Projectile        Hex/Tloc       10%        N/A       36%         3
 Summon Ice Beast         Ice/Summ       13%        N/A       41%         4
 Tukima's Dance           Hex            3%         N/A       45%         3
 Blade Hands              Tmut           1%         N/A       99%         5


Dungeon Overview and Level Annotations

Branches:
Dungeon (5/15)             Temple (1/1) D:4           Sewer (visited)

Altars:
Ashenzari
Cheibriados
Fedhas
Gozag
Kikubaaqudgha
Makhleb
Nemelex Xobeh
Okawaru
Qazlal
Sif Muna
Trog
Uskayaw
Yredelemnul
Zin
The Shining One

Shops:
D:3 ?


Innate Abilities, Weirdness & Mutations

((You are very nimble when in or above water. (Stealth+, EV+, Speed+++)))
Your lower body shifts to a powerful aquatic tail in water.


Message History

No target in view!
The frozen ramparts melt away.
A centaur comes into view.
The centaur moves out of view.
An orc comes into view. It is wielding a +2 whip of flaming.
A centaur comes into view.
Casting: Frozen Ramparts (dangerous; 3% risk of failure)
Confirm with . or Enter, or press ? or * to list all spells.
Casting: Frozen Ramparts (dangerous; 3% risk of failure)
Press: ? - help, Dir - look around, f - activate The walls around you are covered in ice.
Unknown command.
Casting: Frozen Ramparts (dangerous; 3% risk of failure)
Confirm with . or Enter, or press ? or * to list all spells.
A film of ice covers your body!
The centaur shouts!
You hear a shout! x2
Unknown command.
You hit the orc.
The orc is poisoned.
The orc is heavily wounded.
The centaur wields a +0 shortbow.
The centaur shoots an arrow.
The arrow hits you!
The wall freezes the orc!
You kill the orc!
Casting: Ozocubu's Armour (dangerous; 3% risk of failure)
Confirm with . or Enter, or press ? or * to list all spells.
Your icy armour thickens.
The centaur shoots an arrow.
The arrow hits you!
The wall freezes the centaur.
The centaur wields a +0 shortbow.
The centaur shoots an arrow.
The arrow hits you.
A sleepcap comes into view.
An ogre comes into view. It is wielding a +0 giant club.
The wall freezes the centaur.
The centaur shoots an arrow.
The arrow hits you.
The wall freezes the centaur.
The centaur shoots an arrow.
The arrow hits you.
The wall freezes the centaur.
The centaur shoots an arrow.
The arrow hits you.
Your icy armour and frozen ramparts will break if you move.
Continue?
Your icy armour cracks and falls away as you move.
The frozen ramparts melt away as you move.
The centaur shoots an arrow.
The arrow hits you!
* * * LOW HITPOINT WARNING * * *
The centaur shoots an arrow.
The arrow misses you.
The centaur shoots an arrow.
The arrow hits you!
You die...

....... ....... ...f... O......
#### c...... #..# ##......# ####
#..# ##.)c...# ##..## ##.## #..#
##....# #...## ##@.# ##.....#
#....## #..## ###......#
#+###..#..# ##..# ##.........
#.....###.## #..## ##..........
#.....# #..###..## ##...........
###...# ##.......####............
#.....###....##.....#...........#
#.....#...#########............##
#+###..#.## ##..........##


You could see an ogre, a sleepcap and 2 centaurs.

Vanquished Creatures
  A black bear (D:5)
  A gnoll bouda (D:4)
  2 hounds
  An orc wizard (D:4)
  13 gnolls
  12 adders
  6 river rats (Sewer)
  A worm (D:4)
  2 dart slugs
  12 orcs
  4 endoplasms
  5 giant cockroaches
  7 hobgoblins
  6 jackals
  6 kobolds
  2 quokkas (D:4)
  8 ball pythons
  7 bats
  7 frilled lizards
  7 goblins
  7 rats
117 creatures vanquished.

Notes
Turn   | Place    | Note
-------+----------+-------------------------------------------
     0 | D:1      | safid the Merfolk Ice Elementalist began the quest for the
                  | Orb.
     0 | D:1      | Reached XP level 1. HP: 13/13 MP: 3/3
   145 | D:1      | Reached XP level 2. HP: 4/20 MP: 0/5
   163 | D:1      | Reached skill level 1 in Fighting
  1020 | D:2      | Reached XP level 3. HP: 22/26 MP: 0/6
  1024 | D:2      | Learned a level 3 spell: Frozen Ramparts
  1826 | D:2      | Reached skill level 5 in Ice Magic
  1887 | D:2      | Reached XP level 4. HP: 33/33 MP: 8/8
  1942 | D:2      | Learned a level 3 spell: Ozocubu's Armour
  1952 | D:3      | Found a glowing drain.
  1990 | Sewer    | Entered a sewer
  2284 | Sewer    | Reached XP level 5. HP: 27/39 MP: 2/9
  3411 | D:3      | Found Azan's Magic Scroll Shoppe.
  3419 | D:3      | Bought a scroll of identify for 20 gold pieces
  3419 | D:3      | Bought a scroll of identify for 20 gold pieces
  3419 | D:3      | Bought a scroll of identify for 20 gold pieces
  3419 | D:3      | Bought a scroll of identify for 20 gold pieces
  3419 | D:3      | Bought a scroll of teleportation for 30 gold pieces
  3419 | D:3      | Bought a scroll of identify for 20 gold pieces
  3570 | D:4      | Reached XP level 6. HP: 40/47 MP: 4/11
  3580 | D:4      | Reached skill level 6 in Ice Magic
  3708 | D:4      | Found a staircase to the Ecumenical Temple.
  3714 | Temple   | Entered the Ecumenical Temple
  3970 | D:4      | Learned a level 2 spell: Blink
  4308 | D:4      | Found a broken altar of Ashenzari.
  4326 | D:4      | Reached XP level 7. HP: 53/53 MP: 10/13
  4934 | D:5      | Entered Level 5 of the Dungeon
  4948 | D:5      | Reached skill level 1 in Translocations
  5140 | D:5      | Shot with an arrow by a centaur

Illustrated notes

Levels and vault maps discovered:
D:1:      dpeg_arrival_pits, layout_basic, minmay_pentomino_u4
D:2:      wad_lake_hut, layout_basic
D:3:      layout_loops_ring, serial_shops, shop, cheibrodos_sewer_entry_sluice
D:4:      layout_basic, nicolae_ashenzari_panopticon, minmay_temple_entry_trees,
          chequers_serial_rivers_micro_d
D:5:      layout_cave_pods, mainiacjoe_overflow_alcove_1, hangedman_ru_absence,
          old_standard_altar
Temple:   eino_temple_water

Skill      XL: |  1  2  3  4  5  6  7 |
---------------+----------------------+-----
Fighting       | 1 2 3 4 |  4.2
Ice Magic      | 5 6 |  6.4
Spellcasting   | 3 4 |  4.2
Dodging        | 3 |  3.7
Translocations | 1 |  1.2
Stealth        | |  2.1

Action                     |  1- 3 |  4- 6 |  7- 9 || total
---------------------------+-------+-------+-------++-------
  Melee: Battleaxe         |    58 |   105 |    12 ||   175
         Tailslap          |       |     3 |     2 ||     5
         Spear             |       |       |     3 ||     3
   Cast: Freeze            |    32 |    47 |     8 ||    87
         Frozen Ramparts   |       |    10 |     4 ||    14
         Ozocubu's Armour  |       |     4 |     3 ||     7
   Stab: Sleeping          |     3 |     3 |     2 ||     8
 Armour: Robe              |    42 |    36 |     8 ||    86
  Dodge: Dodged            |    97 |   108 |    26 ||   231
